 Dungeon Crawl Stone Soup version 0.25.0-9-g26727b6 (webtiles) character file.

Game seed: 4476054443389031626

45 ratboy the Ducker (level 3, 0/28 HPs)
             Began as a Gnoll Wanderer on June 20, 2020.
             Slain by an ogre
             ... wielding a +0 giant spiked club
              (28 damage)
             ... on level 2 of the Dungeon.
             The game lasted 00:03:24 (1617 turns).

ratboy the Ducker (Gnoll Wanderer)                  Turns: 1617, Time: 00:03:25

Health: 0/28       AC:  2    Str: 12    XL:     3   Next: 64%
Magic:  4/4        EV: 17    Int: 13    God:
Gold:   45         SH:  0    Dex: 18    Spells: 3/3 levels left

rFire    . . .     SeeInvis .   a - +2 short sword
rCold    . . .     Gourm    .   (no shield)
rNeg     . . .     Faith    .   d - +0 robe
rPois    .         Spirit   .   (no helmet)
rElec    .         Reflect  .   (no cloak)
rCorr    .         Harm     .   (no gloves)
MR       .....                  (no boots)
Stlth    ++........             (no amulet)
HPRegen  0.09/turn              (no ring)
MPRegen  0.09/turn              (no ring)

@: no status effects
A: distributed training, fangs 1, strong nose
a: no special abilities


You were on level 2 of the Dungeon.
You were not hungry.

You visited 1 branch of the dungeon, and saw 2 of its levels.

You collected 45 gold pieces.

Inventory:

Hand Weapons
 a - a +2 short sword (weapon)
 k - a +0 dagger of venom
Missiles
 e - 104 stones (quivered)
Armour
 d - a +0 robe (worn)
Scrolls
 c - 2 scrolls of teleportation
 h - 2 scrolls of amnesia {unknown}
 i - a scroll of random uselessness {unknown}
 j - a scroll of enchant weapon {unknown}
Potions
 b - a potion of lignification
 g - a potion of mutation {unknown}
Comestibles
 f - 3 rations
 l - 3 chunks of flesh


   Skills:
 + Level 2.6 Fighting
 + Level 2.6 Short Blades
 + Level 0.8 Long Blades
 + Level 0.8 Axes
 + Level 0.8 Maces & Flails
 + Level 0.8 Polearms
 + Level 0.8 Staves
 + Level 0.8 Slings
 + Level 0.8 Bows
 + Level 2.6 Crossbows
 + Level 2.6 Throwing
 + Level 2.6 Armour
 + Level 6.5 Dodging
 + Level 2.4 Stealth
 + Level 2.6 Shields
 + Level 0.8 Unarmed Combat
 + Level 0.8 Spellcasting
 + Level 0.5 Conjurations
 + Level 0.5 Hexes
 + Level 0.5 Charms
 + Level 0.5 Summonings
 + Level 0.5 Necromancy
 + Level 0.5 Translocations
 + Level 0.5 Transmutations
 + Level 0.5 Fire Magic
 + Level 0.5 Ice Magic
 + Level 0.5 Air Magic
 + Level 0.5 Earth Magic
 + Level 0.5 Poison Magic
 + Level 1.0 Invocations
 + Level 0.8 Evocations


You had 3 spell levels left.
You didn't know any spells.
Your spell library was empty.

Dungeon Overview and Level Annotations

Branches:
Dungeon (2/15)

Altars:


Innate Abilities, Weirdness & Mutations

Your experience applies equally to all skills.
You have very sharp teeth.
Your uncanny sense of smell can sniff out nearby items.


Message History

Press: ? - help, Shift-Dir - straight line, f/p - ogre
Aim: an ogre, wielding a +0 giant spiked club (lightly wounded)
You throw a stone.
The stone hits the ogre but does no damage.
The ogre is lightly wounded.
Throwing (i - inventory)
e - 105 stones (quivered)
Press: ? - help, Shift-Dir - straight line, f/p - ogre
Aim: an ogre, wielding a +0 giant spiked club (lightly wounded)
You throw a stone. The stone hits the ogre.
The ogre is lightly wounded.
You hit the ogre.
The ogre is moderately wounded.
The ogre completely misses you.
You hit the ogre.
The ogre is moderately wounded.
You barely miss the ogre.
The ogre is moderately wounded.
The ogre hits you with a +0 giant spiked club!!
Ouch! That really hurt!
You die...

....# #.#.#
#........# ....+
..# #........#
....# ###∆
#........#
....#### #
#........#
....... ..
#.....÷..# ∆
.....# #..
#........# .....#
#.(. +........#
.....# #..(g
#........# <#+#.#
#...(.##g.......#
## #
#.....(O#########
#......g#
#.......#
#.....### #.$...
#..... #....
#####


You could see an ogre and a goblin.

Vanquished Creatures
  An adder (D:2)
  An ooze (D:2)
  9 goblins
  5 hobgoblins (D:1)
  5 bats
  3 frilled lizards
  7 kobolds
  A plant (D:1)
32 creatures vanquished.

Notes
Turn   | Place    | Note
-------+----------+-------------------------------------------
     0 | D:1      | ratboy the Gnoll Wanderer began the quest for the Orb.
     0 | D:1      | ratboy set off with the following items: a +2 short sword,
                  | a potion of lignification, a scroll of teleportation, a +0
                  | robe, a ration
     0 | D:1      | Reached XP level 1. HP: 17/17 MP: 1/1
   384 | D:1      | Reached XP level 2. HP: 21/23 MP: 2/2
   754 | D:1      | Reached XP level 3. HP: 25/28 MP: 3/3
  1491 | D:2      | Reached skill level 1 in Invocations
  1609 | D:2      | Noticed an ogre
  1617 | D:2      | Slain by an ogre

Illustrated notes

Levels and vault maps discovered:
D:1:      matt_arrival_diagonals, layout_basic, serial_forest,
          infiniplex_forest_corner_2, infiniplex_forest_clump_double,
          infiniplex_forest_split, infiniplex_forest_clump_cross,
          infiniplex_forest_split, infiniplex_forest_lined_room_2,
          infiniplex_forest_lined_room_3, infiniplex_forest_zigzag_1,
          infiniplex_forest_corner_2
D:2:      layout_basic

Skill      XL: |  1  2  3 |
---------------+----------+-----
Invocations    | 1 |  1.0
Fighting       | |  2.6
Short Blades   | |  2.6
Long Blades    | |  0.8
Axes           | |  0.8
Maces & Flails | |  0.8
Polearms       | |  0.8
Staves         | |  0.8
Slings         | |  0.8
Bows           | |  0.8
Crossbows      | |  2.6
Throwing       | |  2.6
Armour         | |  2.6
Dodging        | |  6.5
Stealth        | |  2.4
Shields        | |  2.6
Unarmed Combat | |  0.8
Spellcasting   | |  0.8
Conjurations   | |  0.5
Hexes          | |  0.5
Charms         | |  0.5
Summonings     | |  0.5
Necromancy     | |  0.5
Translocations | |  0.5
Transmutations | |  0.5
Fire Magic     | |  0.5
Ice Magic      | |  0.5
Air Magic      | |  0.5
Earth Magic    | |  0.5
Poison Magic   | |  0.5
Evocations     | |  0.8

Action                   || total
-------------------------++-------
Melee: Short sword       ||   251
       Bite              ||    36
Throw: Stone             ||     4
 Stab: Sleeping          ||     5
  Eat: Chunk             ||     3
Armor: Robe              ||     2
Dodge: Dodged            ||    59
